MLB
OAKLAND ATHLETICS @ CHICAGO WHITE SOX
06/05/2047
 
TOP OF THE 1ST
Oakland Athletics batting - Pitching for Chicago White Sox : RHP Xenophon Valvis
Pitching: RHP Xenophon Valvis
Batting: SHB Quincy Bradford 0-0: Ball
1-0: Swinging Strike
1-1: Called Strike
1-2: Ball
2-2: Strikes out swinging
Batting: RHB Jason May 0-0: Ball
1-0: Ball
2-0: Called Strike
2-1: Ball
3-1: Foul Ball, location: 2F
3-2: Base on Balls
Batting: LHB Sakae Kasahara 0-0: Called Strike
0-1: Ball
1-1: Ball
2-1: Fly out, F8 (Line Drive, 89D, EV 96.2 MPH)
Batting: RHB Randy Shrewsbury 0-0: Called Strike
Jason May steals 2nd base
0-1: Called Strike
0-2: Ball
1-2: SINGLE (Groundball, 6MD, EV 103.8 MPH)
Jason May to third
Runner from 3rd tries for Home, throw by CF and OUT! 8-2
Top of the 1st over - 0 runs, 1 hit, 0 errors, 1 left on base; Oakland 0 - Chicago 0
BOTTOM OF THE 1ST
Chicago White Sox batting - Pitching for Oakland Athletics : RHP Hunter Vanderhyden
Pitching: RHP Hunter Vanderhyden
Batting: RHB Brad Boals 0-0: Foul Ball, location: 2F
0-1: Ball
1-1: Ball
2-1: Ball
3-1: Ground out 6-3 (Groundball, 6, EV 81.9 MPH)
Batting: SHB Cesar Herrera 0-0: Called Strike
0-1: Fly out, F2 (Popup, 25F, EV 88.1 MPH)
Batting: LHB Randy Rosenberry 0-0: Called Strike
0-1: Ball
1-1: Ball
2-1: Foul Ball, location: 2F
2-2: Foul Ball, location: 2F
2-2: Foul Ball, location: 2F
2-2: SINGLE (Groundball, 4, EV 96.2 MPH)
Batting: RHB Joseph Disepolo 0-0: Ball
1-0: Called Strike
Randy Rosenberry is caught stealing 2nd base 2-4
Bottom of the 1st over - 0 runs, 1 hit, 0 errors, 0 left on base; Oakland 0 - Chicago 0
TOP OF THE 2ND
Oakland Athletics batting - Pitching for Chicago White Sox : RHP Xenophon Valvis
Batting: SHB Moe Lester 0-0: Foul Ball, location: 2F
0-1: Ball
1-1: Ball
2-1: Foul Ball, location: 2F
2-2: Ball
3-2: SINGLE (Groundball, 34D, EV 103.8 MPH)
Batting: LHB Stu Sornson 0-0: Ball
1-0: Foul Ball, location: 2F
1-1: Ball
2-1: Called Strike
2-2: Strikes out looking
Batting: RHB Edwin Madrid 0-0: Foul Ball, location: 2F
0-1: Called Strike
0-2: Ball
1-2: Ball
2-2: Foul Ball, location: 2F
2-2: SINGLE (Groundball, 34, EV 98.1 MPH)
Moe Lester to second
Runner from 2nd tries for 3rd, SAFE, throw by RF made to third
Batting: RHB Philip Jansen 0-0: Called Strike
0-1: Called Strike
0-2: Grounds into double play, 5-4-3 (Groundball, 5, EV 89.4 MPH)
Top of the 2nd over - 0 runs, 2 hits, 0 errors, 1 left on base; Oakland 0 - Chicago 0
BOTTOM OF THE 2ND
Chicago White Sox batting - Pitching for Oakland Athletics : RHP Hunter Vanderhyden
Batting: RHB Joseph Disepolo 0-0: Ball
1-0: Foul Ball, location: 2F
1-1: Ball
2-1: Ball
3-1: Base on Balls
Batting: LHB Jack Christie 0-0: Ball
1-0: Called Strike
1-1: Called Strike
Joseph Disepolo is caught stealing 2nd base 2-6
1-2: Strikes out swinging
Batting: SHB Rich Chavez 0-0: Ball
1-0: Ball
2-0: Ball
3-0: Base on Balls
Batting: RHB Steve Castleberry 0-0: Ball
1-0: Ball
2-0: Foul Ball, location: 2F
2-1: Foul Ball, location: 2F
2-2: Ball
3-2: 2-RUN HOME RUN (Flyball, 9LD, EV 95.0 MPH), Distance : 355 ft
Batting: LHB Sidney Pedder 0-0: Called Strike
0-1: Ball
1-1: Ball
2-1: Foul Ball, location: 2F
2-2: Foul Ball, location: 2F
2-2: Ball
3-2: Base on Balls
Batting: RHB Matt Thompson 0-0: Ball
Sidney Pedder steals 2nd base (no throw)
1-0: Foul Ball, location: 2F
1-1: Called Strike
1-2: Ball
2-2: Strikes out looking
Bottom of the 2nd over - 2 runs, 1 hit, 0 errors, 1 left on base; Oakland 0 - Chicago 2
TOP OF THE 3RD
Oakland Athletics batting - Pitching for Chicago White Sox : RHP Xenophon Valvis
Batting: RHB Garry Hash 0-0: Foul Ball, location: 2F
0-1: Foul Ball, location: 2F
0-2: Ground out 5-3 (Groundball, 56S, EV 75.0 MPH)
Batting: SHB Quincy Bradford 0-0: Ball
1-0: Fly out, F7 (Flyball, 78S, EV 86.2 MPH)
Batting: RHB Jason May 0-0: Ball
1-0: Called Strike
1-1: Foul Ball, location: 2F
1-2: Foul Ball, location: 2F
1-2: Ball
2-2: Foul Ball, location: 2F
2-2: Foul Ball, location: 2F
2-2: Fly out, F7 (Flyball, 78D, EV 101.9 MPH)
Top of the 3rd over - 0 runs, 0 hits, 0 errors, 0 left on base; Oakland 0 - Chicago 2
BOTTOM OF THE 3RD
Chicago White Sox batting - Pitching for Oakland Athletics : RHP Hunter Vanderhyden
Batting: RHB Brad Boals 0-0: Called Strike
0-1: Foul Ball, location: 2F
0-2: Ball
1-2: Foul Ball, location: 2F
1-2: Ball
2-2: Strikes out looking
Batting: SHB Cesar Herrera 0-0: Ball
1-0: Called Strike
1-1: Ball
2-1: Ball
3-1: Base on Balls
Batting: LHB Randy Rosenberry 0-0: SINGLE (Groundball, 4M, EV 101.9 MPH) (infield hit)
Cesar Herrera to second
Batting: RHB Joseph Disepolo 0-0: Foul Ball, location: 2F
0-1: Called Strike
0-2: Foul Ball, location: 2F
0-2: Ball
1-2: Foul Ball, location: 2F
1-2: Ball
2-2: Foul Ball, location: 2F
2-2: Strikes out swinging
Batting: LHB Jack Christie 0-0: Ball
1-0: Ball
2-0: SINGLE (Groundball, 34D, EV 105.6 MPH) (infield hit)
Cesar Herrera to third
Randy Rosenberry to second
Batting: SHB Rich Chavez 0-0: Ball
1-0: Ball
2-0: Swinging Strike
2-1: Foul Ball, location: 2F
2-2: Ball
3-2: Foul Ball, location: 2F
3-2: Strikes out swinging
Bottom of the 3rd over - 0 runs, 2 hits, 0 errors, 3 left on base; Oakland 0 - Chicago 2
TOP OF THE 4TH
Oakland Athletics batting - Pitching for Chicago White Sox : RHP Xenophon Valvis
Batting: LHB Sakae Kasahara 0-0: Ball
1-0: Called Strike
1-1: Foul Ball, location: 2F
1-2: Foul Ball, location: 2F
1-2: Strikes out looking
Batting: RHB Randy Shrewsbury 0-0: SINGLE (Groundball, 56S, EV 67.5 MPH) (infield hit)
Batting: SHB Moe Lester 0-0: Fielders Choice at 2nd, 4-6 (Groundball, 4S, EV 93.1 MPH)
Batting: LHB Stu Sornson 0-0: Ball
1-0: Called Strike
1-1: SINGLE (Groundball, 34D, EV 96.2 MPH) (infield hit)
Moe Lester to second
Batting: RHB Edwin Madrid 0-0: Ball
1-0: Called Strike
1-1: Ball
2-1: Foul Ball, location: 2F
2-2: Fly out, F4 (Popup, 4, EV 82.5 MPH)
Top of the 4th over - 0 runs, 2 hits, 0 errors, 2 left on base; Oakland 0 - Chicago 2
BOTTOM OF THE 4TH
Chicago White Sox batting - Pitching for Oakland Athletics : RHP Hunter Vanderhyden
Batting: RHB Steve Castleberry 0-0: Ball
1-0: Called Strike
1-1: Foul Ball, location: 2F
1-2: Ball
2-2: Ground out 5-3 (Groundball, 56, EV 94.4 MPH)
Batting: LHB Sidney Pedder 0-0: TRIPLE (Flyball, 8RXD, EV 98.8 MPH)
Batting: RHB Matt Thompson 0-0: Ball
1-0: Called Strike
1-1: Ball
2-1: Fly out, F8 (Flyball, 8RXD, EV 94.4 MPH)
Runner from 3rd tags up, SCORES, no throw by CF
Batting: RHB Brad Boals 0-0: Called Strike
0-1: Called Strike
0-2: Ball
1-2: Ball
2-2: Foul Ball, location: 2F
2-2: Strikes out swinging
Bottom of the 4th over - 1 run, 1 hit, 0 errors, 0 left on base; Oakland 0 - Chicago 3
TOP OF THE 5TH
Oakland Athletics batting - Pitching for Chicago White Sox : RHP Xenophon Valvis
Batting: RHB Philip Jansen 0-0: Foul Ball, location: 2F
0-1: Ball
1-1: Foul Ball, location: 2F
1-2: Strikes out swinging
Batting: RHB Garry Hash 0-0: Swinging Strike
0-1: Called Strike
0-2: Strikes out looking
Batting: SHB Quincy Bradford 0-0: Called Strike
0-1: Foul Ball, location: 2F
0-2: Fly out, F8 (Flyball, 8LD, EV 90.0 MPH)
Top of the 5th over - 0 runs, 0 hits, 0 errors, 0 left on base; Oakland 0 - Chicago 3
BOTTOM OF THE 5TH
Chicago White Sox batting - Pitching for Oakland Athletics : RHP Hunter Vanderhyden
Pitching: LHP Katsumi Takaki
Batting: SHB Cesar Herrera 0-0: Called Strike
0-1: Ball
1-1: Ball
2-1: SINGLE (Line Drive, 56D, EV 100.0 MPH)
Batting: LHB Randy Rosenberry 0-0: Ball
Cesar Herrera steals 2nd base
1-0: Foul Ball, location: 2F
1-1: Fly out, F8 (Line Drive, 8LD, EV 100.0 MPH)
Batting: RHB Joseph Disepolo 0-0: Called Strike
0-1: Foul Ball, location: 2F
0-2: Ball
1-2: Foul Ball, location: 2F
1-2: Ball
2-2: Strikes out swinging
Batting: LHB Jack Christie 0-0: Ball
1-0: Ball
2-0: Ball
3-0: Base on Balls
Batting: SHB Rich Chavez 0-0: Ball
1-0: Ball
2-0: Called Strike
2-1: Foul Ball, location: 2F
2-2: Ground out U3 (Groundball, 34, EV 91.9 MPH)
Bottom of the 5th over - 0 runs, 1 hit, 0 errors, 2 left on base; Oakland 0 - Chicago 3
TOP OF THE 6TH
Oakland Athletics batting - Pitching for Chicago White Sox : RHP Xenophon Valvis
Batting: RHB Jason May 0-0: Ball
1-0: Foul Ball, location: 2F
1-1: Ball
2-1: Fly out, F6 (Popup, 6MS, EV 71.9 MPH)
Batting: LHB Sakae Kasahara 0-0: Ball
1-0: Ball
2-0: SINGLE (Groundball, 6MS, EV 64.4 MPH) (infield hit)
Batting: RHB Randy Shrewsbury 0-0: Grounds into double play, 4-6-3 (Groundball, 4, EV 105.6 MPH)
Top of the 6th over - 0 runs, 1 hit, 0 errors, 0 left on base; Oakland 0 - Chicago 3
BOTTOM OF THE 6TH
Chicago White Sox batting - Pitching for Oakland Athletics : LHP Katsumi Takaki
Batting: RHB Steve Castleberry 0-0: Swinging Strike
0-1: Fly out, F4 (Popup, 34, EV 58.8 MPH)
Batting: LHB Sidney Pedder 0-0: Called Strike
0-1: Ball
1-1: Ball
2-1: Foul Ball, location: 2F
2-2: Ball
3-2: Base on Balls
Batting: RHB Matt Thompson 0-0: Called Strike
0-1: Ball
1-1: Swinging Strike
1-2: Foul Ball, location: 2F
1-2: Ball
2-2: Foul Ball, location: 2F
2-2: Foul Ball, location: 2F
2-2: Ball
Sidney Pedder is caught stealing 2nd base 2-4
3-2: Foul Ball, location: 2F
3-2: DOUBLE (Line Drive, 78D, EV 108.8 MPH)
Batting: RHB Brad Boals 0-0: Called Strike
0-1: Ball
1-1: Ground out 5-3 (Groundball, 56, EV 88.8 MPH)
Bottom of the 6th over - 0 runs, 1 hit, 0 errors, 1 left on base; Oakland 0 - Chicago 3
TOP OF THE 7TH
Oakland Athletics batting - Pitching for Chicago White Sox : RHP Xenophon Valvis
Batting: SHB Moe Lester 0-0: Foul Ball, location: 2F
0-1: Ball
1-1: Ball
2-1: Ball
3-1: Ground out 3-1 (Groundball, 34S, EV 83.8 MPH)
Batting: LHB Stu Sornson 0-0: Ball
1-0: Ball
2-0: Foul Ball, location: 2F
2-1: Ball
3-1: Fly out, F9 (Flyball, 89S, EV 86.2 MPH)
Batting: RHB Edwin Madrid 0-0: Ball
1-0: Ground out 4-3 (Groundball, 4MS, EV 65.6 MPH)
Top of the 7th over - 0 runs, 0 hits, 0 errors, 0 left on base; Oakland 0 - Chicago 3
BOTTOM OF THE 7TH
Chicago White Sox batting - Pitching for Oakland Athletics : LHP Katsumi Takaki
Pitching: RHP Joe Spampinato
Batting: SHB Cesar Herrera 0-0: Fly out, F8 (Flyball, 8RM, EV 90.6 MPH)
Batting: LHB Randy Rosenberry 0-0: Ball
1-0: Foul Ball, location: 2F
1-1: Foul Ball, location: 2F
1-2: Ball
2-2: DOUBLE (Flyball, 8LXD, EV 108.1 MPH)
Batting: RHB Joseph Disepolo 0-0: Intentional Walk
Batting: LHB Jack Christie 0-0: Called Strike
0-1: Ball
1-1: Fly out, F8 (Flyball, 8LXD, EV 105.0 MPH)
Runner from 2nd tags up, SAFE at 3rd, no throw by CF
Batting: SHB Rich Chavez 0-0: Ball
1-0: Ball
2-0: Foul Ball, location: 2F
2-1: Foul Ball, location: 2F
2-2: Ball
3-2: Strikes out looking
Bottom of the 7th over - 0 runs, 1 hit, 0 errors, 2 left on base; Oakland 0 - Chicago 3
TOP OF THE 8TH
Oakland Athletics batting - Pitching for Chicago White Sox : RHP Xenophon Valvis
Now at 1B: Rich Chavez
Now at 2B: Matt Thompson
Now at 3B: Dieter Knoops
Batting: RHB Philip Jansen 0-0: Called Strike
0-1: Ball
1-1: Fly out, F8 (Flyball, 8LD, EV 88.1 MPH)
Batting: RHB Garry Hash 0-0: Ball
1-0: Ball
2-0: Ball
3-0: Called Strike
3-1: Foul Ball, location: 2F
3-2: SINGLE (Line Drive, 56, EV 109.4 MPH)
Batting: SHB Quincy Bradford 0-0: Ball
1-0: Foul Ball, location: 2F
1-1: Fly out, F9 (Flyball, 89D, EV 94.4 MPH)
Batting: RHB Jason May 0-0: Called Strike
0-1: Ball
1-1: Ground out 4-3 (Groundball, 4, EV 108.8 MPH)
Top of the 8th over - 0 runs, 1 hit, 0 errors, 1 left on base; Oakland 0 - Chicago 3
BOTTOM OF THE 8TH
Chicago White Sox batting - Pitching for Oakland Athletics : RHP Joe Spampinato
Batting: RHB Steve Castleberry 0-0: Foul Ball, location: 2F
0-1: Called Strike
0-2: Ball
1-2: Ball
2-2: Ball
3-2: Foul Ball, location: 2F
3-2: Base on Balls
Batting: LHB Sidney Pedder 0-0: Sac Bunt to P - play at first, batter OUT! 1-3
Steve Castleberry to second
Batting: RHB Matt Thompson 0-0: Ball
1-0: Foul Ball, location: 2F
1-1: SINGLE (Line Drive, 9LS, EV 103.8 MPH)
Steve Castleberry to third
Runner from 3rd tries for Home, SAFE, throw by RF to home
Batting: RHB Brad Boals 0-0: Ball
Matt Thompson is caught stealing 2nd base 2-4
1-0: Ground out 6-3 (Groundball, 6, EV 90.6 MPH)
Bottom of the 8th over - 1 run, 1 hit, 0 errors, 0 left on base; Oakland 0 - Chicago 4
TOP OF THE 9TH
Oakland Athletics batting - Pitching for Chicago White Sox : RHP Xenophon Valvis
Batting: LHB Sakae Kasahara 0-0: Called Strike
0-1: Called Strike
0-2: Ball
1-2: Ball
2-2: Ball
3-2: Base on Balls
Pitching: RHP Riso Profanter
Batting: RHB Randy Shrewsbury 0-0: Called Strike
0-1: 2-RUN HOME RUN (Flyball, 9LD, EV 94.4 MPH), Distance : 349 ft
Pitching: LHP Rhett Beers
Batting: SHB Moe Lester 0-0: Ball
1-0: Ball
2-0: Called Strike
2-1: Swinging Strike
2-2: Ball
3-2: Foul Ball, location: 2F
3-2: Strikes out swinging
Pinch Hitting: RHB Muneo Kawachi 0-0: Ball
1-0: Ball
2-0: Foul Ball, location: 2F
2-1: Fly out, F9 (Flyball, 89S, EV 95.6 MPH)
Batting: RHB Edwin Madrid 0-0: Ball
1-0: Foul Ball, location: 2F
1-1: Ball
2-1: Called Strike
2-2: Ground out 6-3 (Groundball, 6, EV 105.0 MPH)
Top of the 9th over - 2 runs, 1 hit, 0 errors, 0 left on base; Oakland 2 - Chicago 4
Thursday, December 15th , 2022 - OOTP Baseball 23.9 Build 102